 Dungeon Crawl Stone Soup version 0.31-a0-1243-g1811332 (webtiles) character file.

Game seed: 14200406332589334408

38441 Sumgai83 the Bewitcher (level 13, -6/54 HPs)
             Began as a Spriggan Enchanter on Dec 16, 2023.
             Was an Elder of Hepliaklqana.
             Killed by divine providence
             ... invoked by an orc priest
              (12 damage)
             ... on level 12 of the Dungeon.
             The game lasted 02:30:13 (19126 turns).

Sumgai83 the Bewitcher (Spriggan Enchanter)        Turns: 19126, Time: 02:30:14

Health: -6/54      AC:  5    Str:  6    XL:     13   Next: 63%
Magic:  28/29      EV: 27    Int: 20    God:    Hepliaklqana [****..]
Gold:   722        SH:  0    Dex: 18    Spells: 8/34 levels left

rFire   . . .        h - +10 sling of the Teaching Hero {freeze, Int+3}
rCold   . . .        (no shield)
rNeg    . . .        b - +0 robe
rPois   .            (helmet restricted)
rElec   .            c - +2 cloak
rCorr   .            (gloves unavailable)
SInv    +            (boots unavailable)
Will    ++...        H - amulet of magic regeneration
Stlth   ++++++       I - +4 ring of protection
HPRegen 0.29/turn    L - +5 ring of evasion
MPRegen 0.61/turn

%: no passive effects
@: confusing by touch, corroded, studying Invocations, very quick
A: reduced essence, very small, no large weapons, unfitting armour, see
invisible, speed 3
a: Renounce Religion, Recall Ancestor, Ancestor Identity, Transference, Idealise


You were on level 12 of the Dungeon.
You worshipped Hepliaklqana.
Hepliaklqana was greatly pleased with you.
You visited 4 branches of the dungeon, and saw 18 of its levels.
You also visited: Ossuary.

You collected 1142 gold pieces.
You spent 420 gold pieces at shops.

Inventory:

Hand Weapons
 a - a +1 dagger
 h - the +10 sling of the Teaching Hero (weapon) {freeze, Int+3}
   (You found it on level 2 of the Dungeon)

   Int+3:     It affects your intelligence (+3).
 y - the +11 dagger of Domination {freeze, rC+ rN+}
   (You found it on level 4 of the Dungeon)

   rC+:       It protects you from cold.
   rN+:       It protects you from negative energy.
 A - a +1 falchion of holy wrath
 O - a +4 short sword of venom
Missiles
 g - 13 poisoned darts
 K - a throwing net
 M - 3 datura-tipped darts
Armour
 b - a +0 robe (worn)
 c - a +2 cloak (worn)
 D - a scarf of resistance
Jewellery
 G - an amulet of regeneration
 H - an amulet of magic regeneration (around neck)
 I - a +4 ring of protection (left hand)
 J - a ring of ice
 L - a +5 ring of evasion (right hand)
Wands
 F - a wand of roots (25)
 Q - a wand of light (1)
Scrolls
 d - 2 scrolls of fog {unknown}
 e - 2 scrolls of immolation {unknown}
 f - a scroll of vulnerability
 i - 7 scrolls of fear
 m - 4 scrolls of noise {unknown}
 n - a scroll of silence {unknown}
 o - 2 scrolls of blinking {unknown}
 q - 3 scrolls of torment {unknown}
 s - 3 scrolls of amnesia {unknown}
 v - 13 scrolls of teleportation
 w - a scroll of enchant armour {unknown}
 E - 3 scrolls of enchant weapon {unknown}
 N - 3 scrolls of brand weapon {unknown}
Potions
 j - 3 potions of haste
 k - 3 potions of enlightenment
 l - 4 potions of might
 p - 2 potions of mutation
 r - 8 potions of curing
 t - 3 potions of lignification
 u - 2 potions of heal wounds
 x - 3 potions of ambrosia
 z - 3 potions of brilliance
 B - a potion of magic {unknown}
 C - 2 potions of berserk rage
 P - 2 potions of cancellation {unknown}


   Skills:
 + Level 3.1 Fighting
 * Level 11.6(11.7) Short Blades
 + Level 1.1(5.7) Long Blades
 + Level 5.5 Ranged Weapons
 + Level 7.8 Dodging
 + Level 15.4 Stealth
 + Level 11.2 Spellcasting
 + Level 2.1 Conjurations
 * Level 15.5 Hexes
 + Level 0.6 Necromancy
 + Level 4.3 Ice Magic


You had 8 spell levels left.
You knew the following spells:

 Your Spells              Type           Power      Damage    Failure   Level
a - Ensorcelled Hibernat  Hex/Ice        100%       N/A       1%          2
b - Jinxbite              Hex            100%       N/A       0%          2
c - Confusing Touch       Hex            65%        N/A       1%          3
d - Tukima's Dance        Hex            65%        N/A       1%          3
e - Dazzling Flash        Conj/Hex       92%        N/A       1%          3
f - Anguish               Hex/Necr       21%        N/A       2%          4
g - Fulminant Prism       Conj/Hex       23%        3d12      1%          4
h - Mephitic Cloud        Conj/Pois/Air  14%        N/A       14%         3
i - Passwall              Tmut/Erth      9%         N/A       10%         2

Your spell library contained the following spells:

 Spells                   Type           Power      Damage    Failure   Level
 Slow                     Hex            100%       N/A       0%          1
 Sigil of Binding         Hex            65%        N/A       1%          3
 Magic Dart               Conj           76%        1d6       2%          1
 Call Imp                 Summ           22%        N/A       10%         2
 Vampiric Draining        Necr           13%        2d6       14%         3
 Swiftness                Air            11%        N/A       19%         3
 Volatile Blastmotes      Fire/Tloc      22%        2d11      19%         3
 Iskenderun's Mystic Bla  Conj/Tloc      15%        2d5       36%         4


Dungeon Overview and Level Annotations

Branches:
Dungeon (12/15)            Temple (1/1) D:4            Lair (4/5) D:10
  Swamp (0/4) Lair:2       Spider (0/4) Lair:2          Orc (1/2) D:12
Ossuary (visited)
  Slime: Lair:4-5

Altars:
Ashenzari
Cheibriados
Dithmenos
Elyvilon
Fedhas
Gozag
Hepliaklqana
Kikubaaqudgha
Makhleb
Nemelex Xobeh
Okawaru
Qazlal
Ru
Sif Muna
Trog
Uskayaw
Vehumet
Wu Jian
Xom
Yredelemnul
Zin
The Shining One

Shops:
D:1 [   D:2 (   D:3 [   D:4 [   D:9 :


Innate Abilities, Weirdness & Mutations

Your life essence is reduced to manifest your ancestor. (-10% HP)
You are very small and have problems with some larger weapons.
You are too small for most types of armour.
You have supernaturally acute eyesight. (SInv)
You cover ground extremely quickly. (Speed+++)


Message History

The brown ugly thing completely misses you.
The brown ugly thing closely misses you.
You see here a +0 flail.
You shoot a sling bullet.
The sling bullet barely misses the brown ugly thing.
Citlalmina barely misses the brown ugly thing.
The brown ugly thing bites you!
You are splashed with acid!
Casting: Passwall (safe; 10% risk of failure)
Confirm with . or Enter, or press ? or * to list all spells.
Aiming: Ensorcelled Hibernation (safe; 1% risk of failure)
Press: ? - help, Shift-Dir - straight line, f/p - brown ugly thing
Aim: a brown ugly thing (ally target, chance to affect: 54%)
The brown ugly thing looks drowsy...
Citlalmina hits the brown ugly thing with a +0 flail!
You shoot a sling bullet.
The sling bullet hits the brown ugly thing!
The sling bullet freezes the brown ugly thing.
The brown ugly thing is moderately wounded.
The brown ugly thing closely misses you.
Citlalmina closely misses the brown ugly thing.
Casting: Ensorcelled Hibernation (safe; 1% risk of failure)
Confirm with . or Enter, or press ? or * to list all spells.
Your hands begin to glow red.
The brown ugly thing bites you.
You are splashed with acid!
You barely miss the brown ugly thing.
The brown ugly thing is moderately wounded.
Citlalmina hits the brown ugly thing with a +0 flail!
The brown ugly thing completely misses you.
The orc priest barely misses you. The brown ugly thing bites you!
* * * LOW HITPOINT WARNING * * *
The acid corrodes you!
You are splashed with acid!
* * * LOW HITPOINT WARNING * * *
Citlalmina hits the brown ugly thing with a +0 flail!
The brown ugly thing bites Citlalmina.
Citlalmina is splashed with acid.
The acid corrodes Citlalmina!
Citlalmina hits the brown ugly thing with a +0 flail!
The brown ugly thing dies!
The orc priest calls down the wrath of Beogh upon you.
Beogh smites you!
You die...

##≈≈≈≈≈.~~~#.#
##########≈~≈~.~≈...#
#...........~≈.~#.####
#...<......)o~....# #
#...$..§§>.W#≈.R..####
#..$?.≈§≈.†R##o.......
#....≈§§≈.).##oh......
#......≈....##........
#....@......##........
#...........##........
#...........##........
##############....###.
#....# ## #....# #
###### # #


You could see the friendly Citlalmina the knight (corroded), a shadow and an orc
priest.

Vanquished Creatures
  The ghost of Awnu Jeluq the Cleaver, a journeyman DsRe of Gozag (Lair:2)
  A hydra (Lair:3)
  A catoblepas (Lair:4)
  2 boulder beetles
  A two-headed ogre (D:12)
  A centaur warrior (D:11)
  Erica (D:8)
  4 death yaks (Lair:2)
  A deep elf pyromancer (D:12)
  2 ugly things
  A cyclops (D:7)
  A black mamba (Lair:1)
  Joseph (D:8)
  8 cane toads
  A gargoyle (D:7)
  Jeremiah (D:8)
  A rime drake (Lair:1)
  An unseen horror (D:11)
  6 komodo dragons
  2 trolls
  3 hornets
  3 polar bears
  A tarantella (Lair:2)
  3 dream sheep (Lair:4)
  6 blink frogs
  6 slime creatures
  2 shadows (D:12)
  5 wyverns
  2 water elementals (D:12)
  A wraith (D:11)
  28 yaks
  6 vampire mosquitoes
  3 wargs (D:10)
  Menkaure (Ossuary)
  A swamp worm (Lair:2)
  Duvessa (D:7)
  3 acid dragons
  13 water moccasins
  4 orc warriors
  5 ice beasts
  2 sky beasts (D:7)
  2 black bears
  2 phantoms (D:6)
  4 centaurs
  8 wolves
  2 kobold brigands
  16 bullfrogs
  A gnoll sergeant (D:10)
  5 scorpions
  16 wights
  Dowan (D:7)
  3 killer bees (D:11)
  5 howler monkeys
  11 electric eels
  2 jellies
  2 hounds
  11 orc priests
  2 iguanas
  9 orc wizards
  3 hell rats (Lair:3)
  3 mummies (Ossuary)
  8 adders
  2 gnolls (D:9)
  4 white imps
  4 worms
  2 dart slugs
  49 orcs
  5 ball pythons
  6 endoplasms
  7 giant cockroaches
  4 goblins
  5 hobgoblins
  12 jackals
  17 kobolds
  4 quokkas
  14 bats
  2 frilled lizards
  5 gnoll skeletons (Ossuary)
  2 gnoll zombies (Ossuary)
  5 goblin skeletons (Ossuary)
  6 goblin zombies (Ossuary)
  6 hobgoblin skeletons (Ossuary)
  4 hobgoblin zombies (Ossuary)
  5 kobold skeletons (Ossuary)
  4 kobold zombies (Ossuary)
  2 orc skeletons (Ossuary)
  3 orc zombies (Ossuary)
  2 rats
  2 rat skeletons (Ossuary)
  6 rat zombies (Ossuary)
442 creatures vanquished.

Vanquished Creatures (collateral kills)
  2 death yaks (Lair:2)
  An ugly thing (D:12)
  A tarantella (Lair:2)
  3 blink frogs (Lair:2)
  A dream sheep (Lair:4)
  A vampire (D:11)
  5 yaks
  A wyvern (Lair:3)
  An acid dragon (D:12)
  2 ogres
  3 centaurs
  A wolf (Lair:2)
  A gnoll sergeant (D:9)
  5 wights
  2 killer bees (D:11)
  A vampire bat (Lair:1)
  An orc wizard (D:12)
  A hell rat (Lair:3)
  2 gnolls (D:9)
  10 orcs
  A bat (Lair:1)
46 creatures vanquished.

Vanquished Creatures (others)
  7 dancing weapons
  6 knights
  An orc wizard (D:12)
  44 fulminant prisms
58 creatures vanquished.

Grand Total: 546 creatures vanquished

Notes
Turn   | Place    | Note
-------+----------+-------------------------------------------
     0 | D:1      | Sumgai83 the Spriggan Enchanter began the quest for the
                  | Orb.
     0 | D:1      | Reached XP level 1. HP: 9/9 MP: 5/5
   183 | D:1      | Reached XP level 2. HP: 10/13 MP: 6/6
   533 | D:1      | Found Ciycw's Armour Shop.
   695 | D:1      | Reached XP level 3. HP: 13/16 MP: 8/8
   722 | D:1      | Found a faded altar of an unknown god.
   739 | D:1      | Reached skill level 5 in Stealth
   785 | D:1      | Learned a level 2 spell: Ensorcelled Hibernation
  1047 | D:2      | Identified the +10 sling of the Teaching Hero {freeze,
                  | Int+3}
  1110 | D:2      | Reached XP level 4. HP: 20/21 MP: 9/9
  1312 | D:2      | Found Arojehott's Weapon Shoppe.
  1897 | D:3      | Found a sparkling altar of Nemelex Xobeh.
  1897 | D:3      | Found an opulent altar of Gozag.
  2214 | D:3      | Found a transporter.
  2214 | D:3      | Found Unirouta's Antique Armour Boutique.
  2535 | D:3      | Found a transporter.
  2742 | D:4      | Found a sand-covered staircase.
  2760 | Ossuary  | Entered an ossuary
  2784 | Ossuary  | Learned a level 2 spell: Jinxbite
  2788 | Ossuary  | Learned a level 3 spell: Confusing Touch
  2860 | Ossuary  | Reached XP level 5. HP: 25/25 MP: 10/10
  3178 | Ossuary  | Noticed Menkaure
  3209 | Ossuary  | Killed Menkaure
  3210 | Ossuary  | Reached skill level 5 in Hexes
  3210 | Ossuary  | Reached XP level 6. HP: 20/29 MP: 5/12
  3423 | D:4      | Found a radiant altar of Vehumet.
  3681 | D:4      | Found a staircase to the Ecumenical Temple.
  3701 | Temple   | Entered the Ecumenical Temple
  3921 | D:4      | Found Nocliwee's Antique Armour Shoppe.
  3962 | D:4      | Identified the +11 dagger of Domination {freeze, rC+ rN+}
  4342 | D:4      | Found a white marble altar of Elyvilon.
  4375 | D:4      | Found a broken altar of Ashenzari.
  4616 | D:4      | Learned a level 3 spell: Tukima's Dance
  4631 | D:4      | Reached skill level 1 in Fighting
  4631 | D:4      | Reached XP level 7. HP: 15/33 MP: 7/13
  5021 | D:5      | Entered Level 5 of the Dungeon
  5026 | D:5      | Reached skill level 5 in Short Blades
  5243 | D:5      | Reached skill level 1 in Ice Magic
  5268 | D:5      | Reached XP level 8. HP: 14/37 MP: 5/15
  5491 | D:5      | Found a glowing silver altar of Zin.
  5588 | D:5      | Found a shimmering blue altar of Sif Muna.
  5839 | D:6      | Reached skill level 1 in Ranged Weapons
  6043 | D:6      | Reached skill level 5 in Dodging
  6043 | D:6      | Reached skill level 5 in Spellcasting
  6893 | D:7      | Reached XP level 9. HP: 37/41 MP: 14/18
  6961 | D:7      | Noticed a gargoyle
  6988 | D:7      | Killed a gargoyle
  7000 | D:7      | Noticed a purple ugly thing
  7253 | D:7      | Learned a level 3 spell: Dazzling Flash
  7281 | D:7      | Noticed Duvessa
  7281 | D:7      | Noticed Dowan
  7330 | D:7      | Killed Duvessa
  7335 | D:7      | Killed Dowan
  7472 | D:7      | Killed a purple ugly thing
  7620 | D:7      | Reached skill level 10 in Hexes
  7620 | D:7      | Reached XP level 10. HP: 27/46 MP: 18/21
  7746 | D:7      | Noticed a cyclops
  7887 | D:7      | Killed a cyclops
  8124 | D:7      | Identified the +1 leather armour of Byxzak {rPois rC+
                  | Will+}
  8124 | D:7      | Identified the +6 mace "Canem" {flame, Int+4}
  8124 | D:7      | Identified the +4 ring mail of Fashionability {Str+2 Dex-3
                  | Stlth+}
  8303 | D:8      | Noticed Erica
  8633 | D:8      | Noticed Jeremiah
  8638 | D:8      | Killed Jeremiah
  8639 | D:8      | Reached skill level 10 in Stealth
  8656 | D:8      | Noticed Joseph
  8757 | D:8      | Killed Joseph
  9157 | D:8      | Killed Erica
  9607 | D:9      | Found Xoprigeby's Book Shop.
  9622 | D:9      | Learned a level 4 spell: Anguish
  9633 | D:9      | Found an ornate altar of the Wu Jian Council.
 10212 | D:9      | Reached XP level 11. HP: 35/50 MP: 24/24
 10746 | D:9      | Found a hazy altar of Hepliaklqana.
 10758 | D:9      | Became a worshipper of Hepliaklqana the Forgotten
 10768 | D:9      | Found a burning altar of Makhleb.
 10768 | D:9      | Noticed a green death
 11197 | D:9      | Bought a book of Blasting for 420 gold pieces
 11202 | D:9      | Learned a level 4 spell: Fulminant Prism
 11231 | D:10     | Entered Level 10 of the Dungeon
 11273 | D:10     | Found a staircase to the Lair.
 12253 | Lair:1   | Entered Level 1 of the Lair of Beasts
 12254 | Lair:1   | Reached * piety under Hepliaklqana
 12383 | Lair:1   | Reached skill level 1 in Long Blades
 12644 | Lair:1   | Reached ** piety under Hepliaklqana
 12645 | Lair:1   | Remembered your ancestor Citlalmina as a knight
 13629 | Lair:1   | Reached skill level 1 in Conjurations
 13790 | Lair:2   | Reached XP level 12. HP: 42/50 MP: 24/26
 13864 | Lair:2   | Found a hole to the Spider Nest.
 13962 | Lair:2   | Noticed a death yak
 13962 | Lair:2   | Noticed a death yak
 13998 | Lair:2   | Noticed a death yak
 14008 | Lair:2   | Noticed a death yak
 14008 | Lair:2   | Noticed a death yak
 14079 | Lair:2   | Found a runed translucent door.
 14091 | Lair:2   | Noticed Awnu Jeluq's ghost (journeyman DsRe)
 14124 | Lair:2   | Killed a death yak
 14125 | Lair:2   | Reached skill level 10 in Short Blades
 14125 | Lair:2   | Reached skill level 10 in Spellcasting
 14477 | Lair:2   | Noticed a death yak
 14544 | Lair:2   | Killed a death yak
 14554 | Lair:2   | Killed a death yak
 14693 | Lair:2   | Killed a death yak
 14723 | Lair:2   | Killed a death yak
 14725 | Lair:2   | Killed a death yak
 15074 | Lair:2   | Found a staircase to the Swamp.
 15415 | Lair:2   | Killed Awnu Jeluq's ghost
 15534 | Lair:3   | Reached *** piety under Hepliaklqana
 16107 | Lair:3   | Reached XP level 13. HP: 53/53 MP: 23/28
 16829 | Lair:4   | Reached skill level 15 in Hexes
 17092 | Lair:4   | Reached **** piety under Hepliaklqana
 17909 | D:11     | Reached skill level 15 in Stealth
 18044 | D:11     | Found a hide-covered altar of Uskayaw.
 18291 | D:12     | Reached skill level 5 in Ranged Weapons
 18676 | D:12     | Learned a level 3 spell: Mephitic Cloud
 18924 | D:12     | Found a staircase to the Orcish Mines.
 18986 | Orc:1    | Entered Level 1 of the Orcish Mines
 19103 | D:12     | Learned a level 2 spell: Passwall
 19126 | D:12     | Killed from afar by an orc priest

Illustrated notes

Levels and vault maps discovered:
D:1:      ncdulo_halloftheorcs, layout_basic, basic_ecumenical_altar,
          serial_shops, shop
D:2:      layout_basic, serial_shops, shop
D:3:      layout_loops_ring, grunt_temple_overflow_opulence, serial_shops,
          nicolae_shop_drivethru
D:4:      layout_layer_cave, mainiacjoe_overflow_two_lobes, fiery_altar_vehumet,
          minmay_temple_entry_mist, serial_shops, nicolae_shop_crystal,
          enter_ossuary_5
D:5:      layout_rooms, nicolae_sif_muna_little_library, zin_statuary
D:6:      layout_gridville
D:7:      minmay_the_grid_four_pointed_star
          [minmay_the_grid_triangle_9x9_minimal,
          minmay_the_grid_triangle_9x9_checkered,
          minmay_the_grid_triangle_9x9_warning,
          minmay_the_grid_triangle_9x9_odd_lines,
          minmay_the_grid_prize_shrinking_boxes], layout_basic, uniq_duvessa
D:8:      layout_basic, uniq_jeremiah, uniq_erica, uniq_joseph
D:9:      layout_basic, nicolae_hepliaklqana_hazy_memory,
          nicolae_overflow_hidden_temple, makhleb_altar_promises_db,
          serial_shops, nicolae_shop_pleasant_corner_grove
D:10:     wad_cavern_with_rooms, layout_irregular_city,
          erik_lair_orcish_takeover
D:11:     layout_rooms, nicolae_uskayaw_dance_studio
D:12:     layout_basic, hiddenorc2_lemuel
Temple:   nicolae_temple_no_exploring_needed
Lair:1:   layout_regular_city, minivault_19, chequers_serial_rivers_large_b,
          columned_hall_lemuel, roderic_batcave, infiniplex_staircase_pool_2
Lair:2:   layout_long_grid, nicolae_swamp_entry_splash_gauntlet,
          spider_nest_entry_rubble, ebering_ghost_reflecting_pool,
          grunt_megastairs_3
Lair:3:   layout_roguey
Lair:4:   layout_regular_city, minmay_slime_entry_jelly_boxes
Orc:1:    layout_caves

Skill      XL: |  1  2  3  4  5  6  7  8  9 10 11 12 13 |
---------------+----------------------------------------+-----
Spellcasting   | 3 4 5 7 8 9 10 11 | 11.2
Hexes          | 4 5 6 8 10 11 13 14 15 | 15.5
Stealth        | 5 6 7 8 9 11 12 14 15 | 15.4
Dodging        | 3 4 5 6 7 |  7.8
Short Blades   | 2 3 4 5 6 7 8 9 10 11 | 11.6
Fighting       | 1 2 3 |  3.1
Ice Magic      | 1 2 3 4 |  4.3
Ranged Weapons | 2 3 4 5 |  5.5
Long Blades    | 1 |  1.1
Conjurations   | 1 2 |  2.1
Necromancy     | |  0.6

Action                     |  1- 3 |  4- 6 |  7- 9 | 10-12 | 13-15 || total
---------------------------+-------+-------+-------+-------+-------++-------
  Melee: Dagger            |   185 |   286 |   166 |   287 |    84 ||  1008
         Punch             |     4 |     1 |     1 |     5 |     2 ||    13
         Falchion          |       |       |    11 |    53 |       ||    64
         Sling             |       |       |     1 |     8 |     1 ||    10
   Fire: Sling             |     3 |    39 |    29 |    88 |   130 ||   289
   Cast: Ensorcelled Hiber |     1 |     9 |    23 |   125 |    15 ||   173
         Jinxbite          |       |    14 |     1 |     1 |       ||    16
         Confusing Touch   |       |     3 |    22 |    24 |     8 ||    57
         Tukima's Dance    |       |     1 |     6 |    34 |     4 ||    45
         Fulminant Prism   |       |       |       |    41 |     3 ||    44
         Dazzling Flash    |       |       |       |    10 |     1 ||    11
         Anguish           |       |       |       |     3 |     6 ||     9
         Mephitic Cloud    |       |       |       |       |     1 ||     1
         Passwall          |       |       |       |       |     1 ||     1
 Invoke: Recall Ancestor   |       |       |       |     3 |     3 ||     6
         Ancestor Life: Kn |       |       |       |     1 |       ||     1
    Use: Scroll            |       |     3 |     3 |     6 |     1 ||    13
         Potion            |       |       |     7 |     4 |       ||    11
   Stab: Sleeping          |     6 |    13 |    15 |    80 |    22 ||   136
         Distracted        |       |     3 |       |     2 |     2 ||     7
         Confused          |       |     1 |     7 |    14 |     7 ||    29
         Invisible         |       |       |     4 |     3 |       ||     7
 Armour: Robe              |    40 |    67 |    56 |   106 |    37 ||   306
         Skin              |       |       |    68 |     3 |       ||    71
  Dodge: Dodged            |   177 |   150 |   157 |   301 |    96 ||   881

Table legend: (Time is in decaauts)
 A = Elapsed time spent in this place.
 B = Non-inter-level travel time spent in this place.
 C = Inter-level travel time spent in this place.
 D = Time resting spent in this place.
 E = Time spent auto-exploring this place.
 F = Levels seen in this place.
 G = Mean time per level.
                   A        B        C        D        E       F      G
               +--------+--------+--------+--------+--------+-----+--------+
         Total |  13771 |  13064 |    707 |   3078 |   4985 |  19 |  724.8 |
       Dungeon |   9522 |   9020 |    502 |   2180 |   3724 |  12 |  793.5 |
        Temple |      4 |      4 |      0 |      0 |      0 |   1 |    4.0 |
          Lair |   3772 |   3567 |    205 |    896 |   1260 |   4 |  943.0 |
  Orcish Mines |      5 |      5 |      0 |      0 |      0 |   1 |    5.0 |
       Ossuary |    466 |    466 |      0 |      2 |      0 |   1 |  466.0 |
               +--------+--------+--------+--------+--------+-----+--------+

Top non-repeatable levels by time:
  Lair:2: 1620 daAuts
     D:9: 1487 daAuts
     D:4: 1227 daAuts
     D:7: 1126 daAuts
  Lair:1: 920 daAuts
  Lair:3: 842 daAuts
     D:8: 832 daAuts
     D:6: 814 daAuts
    D:12: 735 daAuts
     D:1: 716 daAuts
    D:10: 664 daAuts
     D:3: 646 daAuts
     D:2: 550 daAuts
 Ossuary: 466 daAuts
    D:11: 411 daAuts
